 Dungeon Crawl Stone Soup version 0.25.0-15-gac7dcb8919 (webtiles) character file.

Game seed: 8365923719798656651

16 dvd2 the Grave Robber (level 2, -4/15 HPs)
             Began as a Kobold Necromancer on June 28, 2020.
             Slain by an orc
             ... wielding a +0 club
              (6 damage)
             ... on level 3 of the Dungeon.
             The game lasted 00:02:51 (1386 turns).

dvd2 the Grave Robber (Kobold Necromancer)          Turns: 1386, Time: 00:02:51

Health: -4/15      AC:  2    Str:  5    XL:     2   Next: 70%
Magic:  5/5        EV: 15    Int: 16    God:
Gold:   37         SH:  0    Dex: 15    Spells: 4/6 levels left

rFire    . . .     SeeInvis .   b - +0 short sword
rCold    . . .     Gourm    .   (shield restricted)
rNeg     . . .     Faith    .   a - +0 robe
rPois    .         Spirit   .   (no helmet)
rElec    .         Reflect  .   (no cloak)
rCorr    .         Harm     .   (no gloves)
MR       .....                  (no boots)
Stlth    ++........             (no amulet)
HPRegen  0.05/turn              (no ring)
MPRegen  0.09/turn              (no ring)

@: no status effects
A: small, carnivore
a: no special abilities


You were on level 3 of the Dungeon.
You were very full.

You visited 1 branch of the dungeon, and saw 3 of its levels.

You collected 37 gold pieces.

Inventory:

Hand Weapons
 b - a +0 short sword (weapon)
Missiles
 l - 7 boomerangs (quivered)
Armour
 a - a +0 robe (worn)
 j - a +0 ring mail
Scrolls
 h - a scroll of remove curse {unknown}
 i - a scroll of identify {unknown}
Potions
 e - a potion of resistance {unknown}
 f - a potion of invisibility {unknown}
 g - 2 potions of curing {unknown}
 k - a potion of flight {unknown}
Comestibles
 c - a ration


   Skills:
 + Level 2.4 Dodging
 + Level 2.8 Stealth
 + Level 2.5 Spellcasting
 + Level 4.4 Necromancy


You had 4 spell levels left.
You knew the following spells:

 Your Spells              Type           Power        Failure   Level  Hunger
a - Pain                  Necr           ###.         3%          1    #......
b - Animate Skeleton      Necr           N/A          3%          1    #......

Your spell library contained the following spells:

 Spells                   Type           Power        Failure   Level  Hunger
 Vampiric Draining        Necr           ###.......   10%         3    ###....
 Animate Dead             Necr           N/A          32%         4    #####..
 Agony                    Necr           ###.....     65%         5    ######.


Dungeon Overview and Level Annotations

Branches:
Dungeon (2/15)

Altars:


Innate Abilities, Weirdness & Mutations

You are small and have problems with some larger weapons.
You are carnivorous and can eat meat at any time.


Message History

You feel strangely unstable.
It was a scroll of teleportation.
The orc hits you with a cursed +0 hand axe.
* * * LOW HITPOINT WARNING * * *
Unknown command.
A bat zombie comes into view.
The bat zombie misses you. The bat zombie closely misses you.
The bat zombie barely misses you. The bat zombie barely misses you.
The bat zombie hits you but does no damage.
The bat zombie barely misses you.
Your surroundings suddenly seem different.
A kobold comes into view. It is wielding a +0 short sword.
The kobold shouts!
An adder comes into view.
An orc comes into view. It is wielding a +0 club.
Found a stone staircase leading up.
Unknown command.
The orc shouts!
The orc hits you with a +0 club.
You die...

...............##
................##
..###?...........####
.K.>...)............####
........................
...........[............
.>.............S....<...
................o.....#
#...............@.....#
#...........K.........#
#....................##
..............#
...............#
#..............#
##...............
########........


You could see an adder (wandering), an orc and a kobold.

Vanquished Creatures
  A giant cockroach (D:2)
  A goblin (D:1)
  2 hobgoblins (D:1)
  A bat (D:1)
  A frilled lizard (D:1)
  A kobold (D:1)
  5 rats
12 creatures vanquished.

Vanquished Creatures (collateral kills)
  An ooze (D:1)
1 creature vanquished.

Grand Total: 13 creatures vanquished

Notes
Turn   | Place    | Note
-------+----------+-------------------------------------------
     0 | D:1      | dvd2 the Kobold Necromancer began the quest for the Orb.
     0 | D:1      | Reached XP level 1. HP: 10/10 MP: 3/3
   392 | D:1      | Learned a level 1 spell: Animate Skeleton
   731 | D:1      | Reached XP level 2. HP: 11/15 MP: 0/5
  1339 | D:2      | You fall into a shaft and drop 1 floor!
  1386 | D:3      | Slain by an orc

Illustrated notes

Levels and vault maps discovered:
D:1:      mainiacjoe_arrival_reflecting_pool, layout_basic
D:2:      minmay_diamond_boxcup, layout_loops_ring,
          chequers_ecumenical_altar_island
D:3:      layout_rooms, lemuel_zombie_altar_kikubaaqudgha

Action                   || total
-------------------------++-------
Melee: Short sword       ||    21
 Cast: Pain              ||    22
       Animate Skeleton  ||     4
  Use: Scroll            ||     1
  Eat: Chunk             ||     9
Armor: Robe              ||     3
Dodge: Dodged            ||    35
